 Dungeon Crawl Stone Soup version 0.22-a0-86-g94e0ad4 (console) character file.

264 Evablue the Cudgeler (level 6, -3/56 HPs)
             Began as a Naga Fighter on Jan 20, 2018.
             Was an Initiate of Cheibriados.
             Killed from afar by an orc wizard (8 damage)
             ... with a magic dart
             ... on level 3 of the Dungeon.
             The game lasted 00:06:50 (2358 turns).

Evablue the Cudgeler (Naga Fighter)                 Turns: 2358, Time: 00:06:50

Health: -3/56      AC:  5    Str: 24    XL:     6   Next: 19%
Magic:  6/6        EV:  6    Int:  9    God:    Cheibriados [......]
Gold:   192        SH:  9    Dex: 11    Spells: 5/5 levels left

rFire    . . .     SeeInvis +   a - +0 flail
rCold    . . .     Gourm    .   c - +0 shield
rNeg     . . .     Faith    .   b - +0 scale mail
rPois    +         Spirit   .   (no helmet)
rElec    .         Reflect  .   (no cloak)
rCorr    .         Harm     .   (no gloves)
MR       .....                  (no barding)
Stlth    ..........             (no amulet)
HPRegen  0.18/turn              k - -3 ring of strength (curse)
MPRegen  0.10/turn              (no ring)

@: mighty, very slow
A: large, see invisible, deformed body, poison resistance, slowness 2, slow
metabolism 1, spit poison 1, AC +2
a: Spit Poison, Bend Time, Renounce Religion


You were on level 3 of the Dungeon.
You worshipped Cheibriados.
Cheibriados was noncommittal.
You were hungry.

You visited 1 branch of the dungeon, and saw 3 of its levels.

You collected 192 gold pieces.

Inventory:

Hand Weapons
 a - a +0 flail (weapon)
Missiles
 l - 6 tomahawks (quivered)
Armour
 b - a +0 scale mail (worn)
 c - a +0 shield (worn)
Jewellery
 k - a cursed -3 ring of strength (left hand)
Wands
 p - a wand of flame (10)
 q - a wand of paralysis (12)
Scrolls
 e - 2 scrolls of magic mapping {unknown}
 g - a scroll of identify {unknown}
 h - 3 scrolls of teleportation {unknown}
 i - 3 scrolls of noise {unknown}
 m - 3 scrolls of random uselessness {unknown}
 o - a scroll of enchant weapon {unknown}
 s - a scroll of amnesia {unknown}
Potions
 d - 2 potions of might
 j - a potion of mutation {unknown}
 n - a potion of degeneration {unknown}
 r - a potion of curing {unknown}
 t - a potion of lignification {unknown}
Comestibles
 f - 5 rations


   Skills:
 + Level 3.6 Fighting
 + Level 3.9 Maces & Flails
 + Level 3.3 Armour
 + Level 1.1 Dodging
 + Level 3.4 Shields


You had 5 spell levels left.
You didn't know any spells.

Dungeon Overview and Level Annotations

Branches:
Dungeon (3/15)

Altars:
Cheibriados
Kikubaaqudgha


Innate Abilities, Weirdness & Mutations

You cannot wear boots.
Your serpentine skin is tough. (AC +2)
You have supernaturally acute eyesight. (SInv)
Armour fits poorly on your strangely shaped body.
Your system is resistant to poisons. (rPois)
You cover ground very slowly.
You have a slow metabolism.
You can spit poison.


Message History

You feel very mighty all of a sudden.
You have got your breath back.
The orc hits you.
The orc wizard hits you but does no damage.
You completely miss the orc wizard.
The orc wizard is moderately wounded.
The orc wizard hits you but does no damage.
The orc barely misses you.
The orc wizard points at you and mumbles some strange words.
The puff of flame hits you! You block the orc's attack.
You closely miss the orc wizard.
The orc wizard is moderately wounded.
The orc wizard hits you but does no damage.
The orc priest calls down the wrath of Beogh upon you.
Beogh smites you!
* * * LOW HITPOINT WARNING * * *
The orc hits you but does no damage.
The orc wizard points at you and mumbles some strange words.
The magic dart hits you!
You die...

...#.......#.###..
...........#.# #..
######..#.......'.#
#.#
#....#..#.......###
#.# ....#..#....#'##
#.# ...#..#....#.#
#.# #(.#..#....#.#
#+#
#..#.........####....
#..#@................
#.ooo...........#....
#..#..####.##.#.#....
#..#..........#.#....
....#..###.....#
..... .....#..#
#...... ....
.......#..#
#....########
########..#
#####........ ...
......<.


You could see an orc priest, an orc wizard and an orc.

Vanquished Creatures
  2 vampire bats (D:2)
  An orc priest (D:3)
  8 adders (D:2)
  2 dart slugs
  6 leopard geckos
  4 orcs (D:3)
  A bat skeleton (D:2)
  4 bat zombies (D:2)
  3 giant cockroaches
  5 goblins
  9 hobgoblins
  5 jackals
  A quokka (D:2)
  A ball python (D:3)
  3 bats
  8 frilled lizards
  6 kobolds
  5 rats (D:2)
74 creatures vanquished.

Notes
Turn   | Place    | Note
-------+----------+-------------------------------------------
     0 | D:1      | Evablue the Naga Fighter began the quest for the Orb.
     0 | D:1      | Reached XP level 1. HP: 21/21 MP: 1/1
   199 | D:1      | Reached XP level 2. HP: 26/28 MP: 2/2
   843 | D:1      | Reached XP level 3. HP: 28/34 MP: 3/3
  1219 | D:2      | Reached XP level 4. HP: 31/42 MP: 4/4
  1577 | D:2      | Reached XP level 5. HP: 40/49 MP: 5/5
  1805 | D:2      | Found an ancient bone altar of Kikubaaqudgha.
  1822 | D:2      | Reached skill level 1 in Dodging
  2178 | D:3      | Reached XP level 6. HP: 56/56 MP: 6/6
  2253 | D:3      | Found a snail-covered altar of Cheibriados.
  2316 | D:3      | Became a worshipper of Cheibriados the Contemplative
  2358 | D:3      | Killed from afar by an orc wizard

Vault maps used:
D:1:      matt_arrival_grand_opening
D:2:      kennysheep_vampire_church, hex_medium, kennysheep_generic_room_6
D:3:      minitemple, cheibriados_altar_1, zin_scriptorium

Skill      XL: |  1  2  3  4  5 |
---------------+----------------+-----
Shields        | 3 |  3.4
Armour         | 3 |  3.3
Maces & Flails | 3 |  3.9
Dodging        | 1 |  1.1
Fighting       | |  3.6

Action                   |  1- 3 |  4- 6 || total
-------------------------+-------+-------++-------
Melee: Flail             |   100 |   137 ||   237
Throw: Tomahawk          |     2 |     3 ||     5
 Abil: Spit Poison       |    11 |     7 ||    18
  Use: Potion            |       |     1 ||     1
  Eat: Chunk             |     1 |     3 ||     4
Armor: Scale mail        |    46 |    83 ||   129
Dodge: Dodged            |    24 |    39 ||    63
Block: Shield            |    49 |   102 ||   151

Table legend:
 A = Spawn XP
 B = Non-spawn XP
 C = Spawn XP percentage of total XP
 D = Spawn monster count
 E = Non-spawn monster count
 F = Spawn count percentage of total count
 G = Total turns spent on level
                    A         B        C        D         E        F      G
               +---------+---------+-------+---------+---------+-------+---------
         Total |       0 |     378 |   0.0 |       0 |      74 |   0.0 |  2358
               +---------+---------+-------+---------+---------+-------+---------
           D:1 |       0 |      44 |   0.0 |       0 |      22 |   0.0 |  1035
           D:2 |       0 |     267 |   0.0 |       0 |      40 |   0.0 |  1064
           D:3 |       0 |      67 |   0.0 |       0 |      12 |   0.0 |   259
               +---------+---------+-------+---------+---------+-------+---------
